 Dungeon Crawl Stone Soup version 0.20-a0-923-g548304e (webtiles) character file.

63 4thArraOfDagon the Sneak (level 3, 4/16 HPs)
             Began as a Felid Wanderer on Mar 26, 2017.
             Was an Initiate of Ru.
             Quit the game on level 7 of the Dungeon.
             The game lasted 00:05:24 (821 turns).

4thArraOfDagon the Sneak (Felid Wanderer)            Turns: 821, Time: 00:05:24

Health: 4/16       AC:  1    Str:  7    XL:     3   Next: 87%
Magic:  5/5        EV: 19    Int: 15    God:    Ru [......]
Gold:   49         SH:  0    Dex: 15    Spells: 3/4 levels left
                                        Lives:  0   Deaths: 1

rFire    . . .     SeeInvis +     - Unarmed
rCold    . . .     Gourm    .   (shield unavailable)
rNeg     . . .     Faith    .   (armour unavailable)
rPois    .         Spirit   .   (helmet unavailable)
rElec    .         Reflect  .   (cloak unavailable)
rCorr    .         Harm     .   (gloves unavailable)
MR       .....                  (boots unavailable)
Stlth    +++.......             (no amulet)
Regen    0.1/turn               (no ring)
MPRegen  0.1/turn               (no ring)

@: quick
A: no armour, no weapons or thrown items, stealth, claws 1, fangs 3, see
invisible, carnivore 3, speed 1, low mp 1, shaggy fur 1, slow metabolism 1,
sharp paws
a: Renounce Religion


You were on level 7 of the Dungeon.
You worshipped Ru.
Ru was noncommittal.
You were not hungry.

You visited 1 branch of the dungeon, and saw 7 of its levels.

You collected 49 gold pieces.

Inventory:

Missiles
 f - 79 stones
Wands
 i - a wand of flame (0/48)
Books
 a - a book of Geomancy

   Spells                             Type                      Level
   a - Sandblast                      Earth                        1
   b - Passwall                       Transmutation/Earth          2
   c - Stone Arrow                    Conjuration/Earth            3
   d - Petrify                        Transmutation/Earth          4
   e - Lee's Rapid Deconstruction     Earth                        5
Comestibles
 c - 2 meat rations
 g - a royal jelly


   Skills:
 - Level 2.0 Fighting
 + Level 3.7 Dodging
 + Level 4.0 Stealth
 * Level 2.2 Unarmed Combat
 - Level 1.0 Spellcasting
 * Level 2.3 Earth Magic
   Level 1.0 Poison Magic
 - Level 1.1 Evocations


You had 3 spell levels left.
You knew the following spells:

 Your Spells              Type           Power        Failure   Level  Hunger
a - Sandblast             Erth           #.....       12%         1    ##.....


Dungeon Overview and Level Annotations

Branches:
Dungeon (7/15)
 Temple: D:4-7

Altars:
Ru
Yredelemnul

Portals:
Ossuary: D:5

Annotations:
D:3 feelmyfire's ghost, amateur VSEn
D:7 Dowan; Duvessa


Innate Abilities, Weirdness & Mutations

You cannot wear armour.
You are incapable of wielding weapons or throwing items.
Your paws allow you to move quietly. (Stealth)
You have sharp claws.
You have razor-sharp teeth.
You have supernaturally acute eyesight. (SInv)
You are carnivorous and can eat meat at any time.
You cover ground quickly.
Your magical capacity is low. (-10% MP)
You are covered in fur. (AC +1)
You have a slow metabolism.
Your sharp claws are effective at attacking unaware monsters.


Message History

Unknown command.
The jackal barks!
A jackal comes into view.
The crimson imp shouts, "Scamper hence, thou surly nut-hook dewberry!"
Unknown command.
Unknown command.
You open the door.
A jackal comes into view.
The jackal barks!
The crimson imp shouts!
You scratch the jackal but do no damage.
The crimson imp completely misses you. The jackal closely misses you.
Unknown command.
The jackal barks!
You scratch the jackal.
The jackal is almost dead.
The jackal misses you. The crimson imp hits you.
* * * LOW HITPOINT WARNING * * *
Unknown command.
Unknown command.
Are you sure you want to abandon this character and quit the game? (Confirm with "yes".)

## 5...... .......
.......
#####.......
######e5@h5......
#....#e###.......
##.##.#...e.......
#ยง..#.####e.......
###.#....#....h...
#...#........h..
#####.########.h..
#...#.# h$. ##..#.#
..


You could see Duvessa, Dowan, 2 crimson imps and 3 jackals.

Vanquished Creatures
  2 orc priests (D:4)
  2 hound skeletons
  A worker ant zombie (D:5)
  An adder (D:4)
  A leopard gecko (D:4)
  2 orcs (D:4)
  A giant cockroach (D:3)
  3 goblins
  A hobgoblin (D:3)
  A bat (D:1)
  A frilled lizard (D:4)
  4 kobolds
20 creatures vanquished.

Notes
Turn   | Place    | Note
-------+----------+-------------------------------------------
     0 | D:1      | 4thArraOfDagon the Felid Wanderer began the quest for the Orb.
     0 | D:1      | 4thArraOfDagon set off with: a book of Geomancy, a potion of curing, a meat ration
     0 | D:1      | Reached XP level 1. HP: 9/9 MP: 3/3
    71 | D:1      | You fall through a shaft!
    98 | D:2      | Found a sacrificial altar of Ru.
   101 | D:2      | Became a worshipper of Ru the Awakened
   192 | D:2      | Learned a level 1 spell: Sandblast
   205 | D:2      | Reached skill level 3 in Stealth
   291 | D:3      | Found a basalt altar of Yredelemnul.
   313 | D:3      | Reached XP level 2. HP: 4/13 MP: 4/4
   362 | D:3      | Noticed feelmyfire's ghost (amateur VSEn)
   429 | D:4      | Reached skill level 1 in Unarmed Combat
   484 | D:4      | Reached XP level 3. HP: 16/16 MP: 5/5
   553 | D:4      | Reached XP level 4. HP: 15/19 MP: 3/6
   583 | D:5      | Entered Level 5 of the Dungeon
   680 | D:5      | Found a sand-covered staircase.
   736 | D:6      | Noticed a black bear
   736 | D:6      | Noticed a sky beast
   741 | D:6      | Noticed a water moccasin
   764 | D:6      | Slain by a water moccasin
   765 | D:6      | Reached XP level 3. HP: 0/16 MP: 5/5
   776 | D:7      | Reached skill level 4 in Stealth
   782 | D:7      | Gained mutation: Your magical capacity is low. (-10% MP) [Ru sacrifice]
   806 | D:7      | Noticed Duvessa
   810 | D:7      | Noticed Dowan
   821 | D:7      | Quit the game

Vault maps used:
D:1:      ncdulo_smallfort
D:2:      hangedman_ru_absence, minmay_fountain_box,
          grunt_dithmenos_smoke_and_mirrors
D:3:      first_bread, kennysheep_minor_cross, yredelemnul_altar_generic
D:4:      kennysheep_kobold_camp, nicolae_gozag_seed_capital
D:5:      lemuel_crystal_altar, serial_shops, shop, nicolae_shop_stone, shop,
          nicolae_ossuary_entry_false_entrances, uniq_menkaure
D:6:      minmay_temple_entry_hall, hangedman_abyss_or_decor_passed
D:7:      eat_drink_and_be_merry_uskayaw, hangedman_misty_isle, uniq_duvessa

Skill      XL: |  1  2  3 |
---------------+----------+-----
Stealth        | 3 4 |  4.0
Dodging        | 3 |  3.7
Unarmed Combat | 1 2 |  2.2
Earth Magic    | 2 |  2.3
Fighting       | |  2.0
Spellcasting   | |  1.0
Poison Magic   | |  1.0
Evocations     | |  1.1

Action                   |  1- 3 |  4- 6 || total
-------------------------+-------+-------++-------
Melee: Unarmed           |    53 |    24 ||    77
       Bite              |     3 |     1 ||     4
       Punch             |     1 |       ||     1
 Cast: Sandblast         |     3 |     7 ||    10
Invok: Sacrifice Essence |     1 |       ||     1
Evoke: Wand              |     4 |       ||     4
  Use: Potion            |     4 |     2 ||     6
       Scroll            |       |     3 ||     3
 Stab: Sleeping          |     2 |     2 ||     4
  Eat: Chunk             |     2 |       ||     2
Armor: Skin              |     4 |       ||     4
Dodge: Dodged            |    66 |    29 ||    95
